 Dungeon Crawl Stone Soup version 0.24.0-41-g2ae2f7f1be (webtiles) character file.

Game seed: 7397296971490501440, levelgen mode: deterministic

1542 H0rd4k the Thaumaturge (level 8, 0/43 HPs)
             Began as a Deep Elf Wizard on Dec 10, 2019.
             Killed from afar by a wight (6 damage)
             ... with an iceblast
             ... on level 6 of the Dungeon.
             The game lasted 00:21:17 (6422 turns).

H0rd4k the Thaumaturge (Deep Elf Wizard)            Turns: 6422, Time: 00:21:17

Health: 0/43       AC:  3    Str:  4    XL:     8   Next: 56%
Magic:  22/24      EV: 14    Int: 29    God:
Gold:   211        SH:  0    Dex: 13    Spells: 19/28 levels left

rFire    . . .     SeeInvis .   (no weapon)
rCold    . . .     Gourm    .   (no shield)
rNeg     . . .     Faith    .   a - +0 robe
rPois    .         Spirit   .   b - +1 hat
rElec    .         Reflect  .   (no cloak)
rCorr    .         Harm     .   (no gloves)
MR       .....                  (no boots)
Stlth    +++.......             (no amulet)
HPRegen  0.14/turn              c - +3 ring of intelligence
MPRegen  0.19/turn              x - ring of wizardry

@: no status effects
A: no striking features
a: no special abilities


You were on level 6 of the Dungeon.
You were not hungry.

You visited 1 branch of the dungeon, and saw 6 of its levels.
You also visited: Sewer.

You collected 211 gold pieces.

Inventory:

Armour
 a - a +0 robe (worn)
 b - a +1 hat (worn)
Jewellery
 c - a +3 ring of intelligence (left hand)
 k - an uncursed ring of protection from cold
 v - an uncursed ring of resist corrosion
 x - a ring of wizardry (right hand)
Wands
 m - a wand of iceblast (12)
 y - a wand of paralysis (5)
Scrolls
 e - 4 scrolls of teleportation
 g - a scroll of fog {unknown}
 j - 2 scrolls of immolation
 l - a scroll of fear
 p - a scroll of identify
 t - a scroll of amnesia
 w - a scroll of remove curse
Potions
 f - 2 potions of might {unknown}
 h - a potion of curing
 i - 3 potions of lignification
 n - a potion of mutation
 o - 4 potions of magic
 q - 2 potions of haste
 r - a potion of brilliance {unknown}
 s - a potion of heal wounds {unknown}
 u - a potion of ambrosia {unknown}
Comestibles
 d - 9 rations
 z - 2 chunks of flesh


   Skills:
 + Level 1.1 Fighting
 + Level 4.0 Dodging
 + Level 4.5 Stealth
 + Level 10.8 Spellcasting
 + Level 6.1 Conjurations
   Level 1.1 Summonings
 + Level 1.5 Translocations
 + Level 1.9 Fire Magic
 + Level 0.1 Air Magic
 + Level 0.4 Poison Magic


You had 19 spell levels left.
You knew the following spells:

 Your Spells              Type           Power        Failure   Level  Hunger
a - Magic Dart            Conj           ####         1%          1    None
b - Blink                 Tloc           N/A          1%          2    None
c - Conjure Flame         Conj/Fire      #####...     1%          3    None
d - Mephitic Cloud        Conj/Pois/Air  ####....     1%          3    None

Your spell library contained the following spells:

 Spells                   Type           Power        Failure   Level  Hunger
 Call Imp                 Summ           ###.....     1%          2    None
 Slow                     Hex            ###.....     2%          2    None


Dungeon Overview and Level Annotations

Branches:
Dungeon (6/15)             Temple (0/1) D:5           Sewer (visited)

Altars:
Elyvilon
Fedhas
Makhleb
Xom

Annotations:
D:1 exclusion: 2 downstairs
D:2 Sigmund
D:3 exclusion: downstairs
D:4 exclusion: downstairs
D:5 exclusion: 2 downstairs


Message History

Where to? (Enter - D:6, ? - help)
There is a stone staircase leading down here.
You climb downwards.
You hear the hiss of flowing sand.
There is an entrance to an ossuary on this level.
Hurry and find it before the portal is buried!
There is a stone staircase leading up here.
Saving game... please wait.
You hear the hiss of flowing sand.
There is an entrance to an ossuary on this level.
Hurry and find it before the portal is buried!
Welcome back, H0rd4k the Deep Elf Wizard.
Press ? for a list of commands and other information.
Found an escape hatch in the floor.
You feel better.
A wight opens the door.
The wight zaps a wand.
The mass of ice explodes!
The iceblast engulfs you!
* * * LOW HITPOINT WARNING * * *
Cast which spell? (? or * to list)
You blink.
You hear the hiss of a very distant avalanche of sand.
The wight zaps a wand.
The mass of ice explodes!
The iceblast engulfs you.
You die...

### #. ...
..............
.............
............
...... ... ####
#.##.##.###
##..####.##.##.###
#@...........#....
#..z.......<.#....
#.....z......#...$
#............'....
#...........##...#
#########...##...#
#...##.[..
#!.....<..
#.........


You could see 2 wights.

Vanquished Creatures
  A wyvern (D:4)
  A phantom (D:5)
  3 ogres
  A centaur (D:5)
  Blork the orc (D:4)
  A bullfrog (D:5)
  5 wights
  2 howler monkeys
  A crimson imp (D:5)
  A hound (D:6)
  A jelly (D:5)
  An orc priest (D:4)
  An orc wizard (D:4)
  Jessica (D:3)
  An iguana (D:5)
  4 worker ants
  12 adders
  A river rat (D:3)
  2 adder skeletons
  2 adder zombies (D:5)
  7 worms
  4 dart slugs (D:1)
  2 leopard geckos
  10 orcs
  3 ball pythons
  5 bats
  4 giant cockroaches
  11 goblins
  3 hobgoblins
  11 jackals
  20 kobolds
  6 quokkas
  8 frilled lizards
  12 rats
149 creatures vanquished.

Vanquished Creatures (others)
  4 plants (Sewer)
4 creatures vanquished.

Grand Total: 153 creatures vanquished

Notes
Turn   | Place    | Note
-------+----------+-------------------------------------------
     0 | D:1      | H0rd4k the Deep Elf Wizard began the quest for the Orb.
     0 | D:1      | Reached XP level 1. HP: 10/10 MP: 7/7
   141 | D:1      | Reached skill level 5 in Spellcasting
   141 | D:1      | Reached XP level 2. HP: 15/15 MP: 3/10
   531 | D:1      | Reached XP level 3. HP: 14/19 MP: 9/11
   535 | D:1      | Learned a level 2 spell: Blink
   539 | D:1      | Learned a level 3 spell: Conjure Flame
   547 | D:1      | Learned a level 3 spell: Mephitic Cloud
  1007 | D:2      | Found a blossoming altar of Fedhas.
  1028 | D:2      | Noticed Sigmund
  1241 | D:2      | Reached XP level 4. HP: 24/24 MP: 9/13
  1246 | D:2      | Reached skill level 6 in Spellcasting
  1871 | D:3      | Found a glowing drain.
  1888 | D:3      | Reached XP level 5. HP: 17/28 MP: 1/16
  1932 | Sewer    | Entered a sewer
  2653 | Sewer    | Reached skill level 7 in Spellcasting
  3201 | D:3      | Noticed Jessica
  3205 | D:3      | Killed Jessica
  3610 | D:4      | Noticed an ogre
  3622 | D:4      | Killed an ogre
  3622 | D:4      | Reached XP level 6. HP: 32/32 MP: 3/18
  4056 | D:4      | Reached skill level 8 in Spellcasting
  4138 | D:4      | Reached skill level 1 in Fighting
  4141 | D:4      | Reached XP level 7. HP: 38/38 MP: 3/20
  4608 | D:4      | Reached skill level 9 in Spellcasting
  4761 | D:4      | Noticed a wyvern
  4774 | D:4      | Killed a wyvern
  4774 | D:4      | Reached skill level 5 in Conjurations
  4914 | D:4      | Found a shimmering altar of Xom.
  4914 | D:4      | Found a shimmering altar of Xom.
  4914 | D:4      | Found a shimmering altar of Xom.
  4915 | D:4      | Found a shimmering altar of Xom.
  4916 | D:4      | Found a shimmering altar of Xom.
  4917 | D:4      | Noticed Blork the orc
  4942 | D:4      | Killed Blork the orc
  5047 | D:4      | Found a shimmering altar of Xom.
  5053 | D:4      | Found a shimmering altar of Xom.
  5146 | D:5      | Entered Level 5 of the Dungeon
  5165 | D:5      | Found a staircase to the Ecumenical Temple.
  5241 | D:5      | Reached XP level 8. HP: 39/43 MP: 16/23
  5249 | D:5      | Found a burning altar of Makhleb.
  5249 | D:5      | Noticed a green death
  5318 | D:5      | Reached skill level 10 in Spellcasting
  5318 | D:5      | Reached skill level 1 in Fire Magic
  5612 | D:5      | Found a white marble altar of Elyvilon.
  6422 | D:6      | Killed from afar by a wight

Levels and vault maps discovered:
D:1:      dpeg_arrival_prison, layout_basic
D:2:      layout_rooms, lemuel_crystal_altar, uniq_sigmund
D:3:      layout_basic, lightli_sewer_entry_pipes, uniq_jessica
D:4:      layout_loops_cross, first_ration, nicolae_xom_altar_mimics,
          uniq_blork_the_orc
D:5:      layout_loops_ring, elyvilon_altar_3, minmay_temple_entry_sparse_star,
          makhleb_altar_promises_db
D:6:      layout_gridville, gammafunk_temple_overflow_elements, enter_ossuary_5

Skill      XL: |  1  2  3  4  5  6  7  8 |
---------------+-------------------------+-----
Spellcasting   | 5 6 7 8 9 10 | 10.8
Stealth        | 3 4 |  4.5
Dodging        | 3 4 |  4.0
Conjurations   | 2 3 4 5 6 |  6.1
Fighting       | 1 |  1.1
Fire Magic     | 1 |  1.9
Summonings     | |  1.1
Translocations | |  1.5
Air Magic      | |  0.1
Poison Magic   | |  0.4

Action                   |  1- 3 |  4- 6 |  7- 9 || total
-------------------------+-------+-------+-------++-------
Melee: Unarmed           |       |     5 |     2 ||     7
 Cast: Magic Dart        |   111 |   238 |   172 ||   521
       Conjure Flame     |       |     5 |    13 ||    18
       Blink             |       |       |     7 ||     7
       Mephitic Cloud    |       |       |     3 ||     3
  Use: Potion            |       |     3 |     1 ||     4
       Scroll            |       |    11 |       ||    11
  Eat: Chunk             |       |    10 |     4 ||    14
       Ration            |       |       |     1 ||     1
Armor: Skin              |       |     5 |       ||     5
       Robe              |       |     4 |    10 ||    14
Dodge: Dodged            |    23 |    38 |    45 ||   106
